 Dungeon Crawl Stone Soup version 0.25-a0-435-g4b9beb1024 (webtiles) character file.

Game seed: 6479146362760761444, levelgen mode: deterministic

3143 Emblim88 the Ruffian (level 9, -4/138 HPs)
             Began as a Troll Berserker on Jan 26, 2020.
             Was an Elder of Trog.
             Slain by a hell rat (10 damage)
             ... on level 9 of the Dungeon.
             The game lasted 00:29:37 (7210 turns).

Emblim88 the Ruffian (Troll Berserker)              Turns: 7210, Time: 00:29:37

Health: -4/138     AC:  6    Str: 34    XL:     9   Next: 61%
Magic:  8/8        EV:  8    Int:  4    God:    Trog [****..]
Gold:   133        SH:  9    Dex:  4    Spells: 8/8 levels left

rFire    + . .     SeeInvis .     - Unarmed
rCold    x . .     Gourm    +   h - +0 shield
rNeg     . . .     Faith    .   l - +0 robe
rPois    +         Spirit   .   (helmet restricted)
rElec    .         Reflect  .   (no cloak)
rCorr    .         Harm     .   (gloves unavailable)
MR       ++...                  (boots unavailable)
Stlth    ..........             (no amulet)
HPRegen  0.73/turn              c - ring of protection from magic
MPRegen  0.11/turn              I - ring "Xyuwnof" {Fire rPois MR+ Dex-5}

@: berserking, marked, lightly drained, very quick
A: large, unfitting armour, claws 3, fast metabolism 3, gourmand, regeneration
1, shaggy fur 1, tough skin 3
a: Berserk, Trog's Hand, Brothers in Arms, Renounce Religion


You were on level 9 of the Dungeon.
You worshipped Trog.
Trog was greatly pleased with you.
You were full.

You visited 1 branch of the dungeon, and saw 9 of its levels.
You also visited: Ossuary.

You collected 400 gold pieces.
You spent 267 gold pieces at shops.

Inventory:

Missiles
 e - 178 stones (quivered)
 o - 2 throwing nets
 r - 10 poisoned darts
Armour
 h - a +0 shield (worn)
 l - a +0 robe (worn)
Jewellery
 c - a ring of protection from magic (left claw)
 C - an uncursed amulet of faith
 G - an uncursed ring of protection from magic
 I - the ring "Xyuwnof" (right claw) {Fire rPois MR+ Dex-5}
   (You found it on level 9 of the Dungeon)

   [ring of fire]

   It enhances your fire magic.
   It affects your dexterity (-5).
   It protects you from fire.
   It makes you vulnerable to cold.
   It protects you from poison.
   It affects your resistance to hostile enchantments.
Wands
 a - a wand of paralysis (12)
 k - a wand of random effects (28)
 n - a wand of disintegration (7)
 t - a wand of polymorph (5)
 E - a wand of iceblast (9)
Scrolls
 d - a scroll of silence {unknown}
 f - 2 scrolls of fog
 i - 7 scrolls of teleportation
 j - 2 scrolls of enchant weapon {unknown}
 v - a scroll of enchant armour
 w - 4 scrolls of noise
 y - 5 scrolls of remove curse
 A - a scroll of blinking
 B - 3 scrolls of identify
 D - a scroll of magic mapping
 F - a scroll of fear
Potions
 g - 10 potions of curing
 m - 4 potions of lignification
 p - a potion of resistance
 q - 3 potions of ambrosia
 s - 2 potions of might
 u - 5 potions of flight
 x - 2 potions of mutation
 z - a potion of brilliance
Comestibles
 b - 16 rations


   Skills:
 + Level 6.4(6.0) Fighting
 + Level 6.4(6.0) Throwing
 - Level 2.4(2.0) Dodging
 + Level 4.2(3.8) Shields
 + Level 7.8(7.4) Unarmed Combat


You had 8 spell levels left.
You didn't know any spells.
Your spell library was empty.

Dungeon Overview and Level Annotations

Branches:
Dungeon (9/15)             Temple (0/1) D:6            Lair (0/6) D:9
Ossuary (visited)
    Orc: D:9-12

Altars:
Ashenzari
Dithmenos
Gozag
Makhleb
Qazlal
Trog
Yredelemnul
The Shining One

Shops:
D:7 ?%*

Annotations:
D:9 Harold


Innate Abilities, Weirdness & Mutations

You are too large for most types of armour.
You have claws for hands.
Your metabolism is lightning-fast.
You like to eat raw meat.
Your natural rate of healing is unusually fast.
You are covered in fur. (AC +1)
You have extremely tough skin. (AC +3)


Message History

You block the hell rat's attack.
You claw Harold!
Harold is moderately wounded.
The hell rat bites you.
The quokka bites you but does no damage.
The death yak gores you!
* * * LOW HITPOINT WARNING * * *
You block the death yak's attack. The hell rat bites you!
* * * LOW HITPOINT WARNING * * *
You mangle Harold!!
Harold is severely wounded.
Harold hits you with a cursed +0 long sword.
* * * LOW HITPOINT WARNING * * *
You block the hell rat's attack. You block the quokka's attack.
The death yak gores you!
* * * LOW HITPOINT WARNING * * *
You scratch Harold but do no damage.
Harold is severely wounded.
The hell rat bites you!
You die...

.....#.## ####.#..#
...#.##.## # ##.#.##..#
# .#
...#.###.####.#####.#
...................>#
###..###..###(####..####
#..# ##+##.#rrrY......
###..# .....rr@Y......
.....# .#....#Y@......
.....# #... Sr.#.....
###### .... #.>.. ...#
... #..... ..# #.
....... .# # ........ #
....).....


You could see 3 death yaks, Harold, 3 hell rats, a porcupine, an adder, a river
rat and a quokka.

Vanquished Creatures
  Sigmund (D:3)
  2 ice beasts
  A hornet zombie (D:6)
  A phantom (D:7)
  4 ogres
  2 centaurs
  4 bullfrogs
  A wyvern zombie (D:6)
  A wyvern skeleton (D:7)
  2 scorpions
  3 wights (D:7)
  A howler monkey (D:6)
  A bullfrog zombie (D:5)
  3 centaur zombies
  6 crimson imps
  A jelly (D:5)
  A human zombie (Ossuary)
  3 hounds
  2 quasits
  2 bullfrog skeletons
  An orc priest (D:8)
  Jessica (D:2)
  An iguana (D:6)
  Ijyb (D:3)
  5 orc wizards
  9 worker ants
  A big kobold zombie (Ossuary)
  4 mummies (Ossuary)
  A worker ant zombie (D:8)
  2 howler monkey zombies
  10 adders
  8 gnolls
  A howler monkey skeleton (D:8)
  3 shadow imps (D:7)
  An ooze (D:1)
  2 adder skeletons
  8 worms
  6 leopard geckos
  23 orcs
  A ball python (D:3)
  4 giant cockroaches
  3 goblins
  6 hobgoblins
  12 jackals
  5 quokkas
  4 bats
  5 frilled lizards
  2 hobgoblin zombies (Ossuary)
  6 kobolds
  A kobold zombie (Ossuary)
  An orc zombie (Ossuary)
  A quokka zombie (D:7)
  6 rats
  A spectral orc (D:3)
188 creatures vanquished.

Notes
Turn   | Place    | Note
-------+----------+-------------------------------------------
     0 | D:1      | Emblim88 the Troll Berserker began the quest for the Orb.
     0 | D:1      | Reached XP level 1. HP: 22/22 MP: 0/0
   177 | D:1      | Reached XP level 2. HP: 29/29 MP: 1/1
   328 | D:1      | Reached skill level 1 in Throwing
   733 | D:2      | Noticed Jessica
   746 | D:2      | Killed Jessica
   746 | D:2      | Reached XP level 3. HP: 35/37 MP: 2/2
   820 | D:2      | Reached XP level 4. HP: 45/45 MP: 3/3
  1011 | D:2      | Reached ** piety under Trog
  1417 | D:3      | Noticed Ijyb
  1426 | D:3      | Killed Ijyb
  1426 | D:3      | Reached skill level 4 in Unarmed Combat
  1577 | D:3      | Reached XP level 5. HP: 53/53 MP: 4/4
  1648 | D:3      | Noticed Sigmund
  1870 | D:3      | Found an opulent altar of Gozag.
  1968 | D:3      | Killed Sigmund
  1968 | D:3      | Reached XP level 6. HP: 39/62 MP: 5/5
  2191 | D:3      | Found a basalt altar of Yredelemnul.
  2278 | D:4      | Found a glowing golden altar of the Shining One.
  2322 | D:4      | Found a sand-covered staircase.
  2328 | Ossuary  | Entered an ossuary
  2345 | Ossuary  | Reached skill level 5 in Unarmed Combat
  2358 | Ossuary  | Reached *** piety under Trog
  2423 | Ossuary  | Reached XP level 7. HP: 62/70 MP: 6/6
  3286 | D:5      | Entered Level 5 of the Dungeon
  3360 | D:5      | Found a burning altar of Makhleb.
  3722 | D:5      | Found a shadowy altar of Dithmenos.
  3758 | D:5      | Reached skill level 1 in Shields
  3778 | D:5      | Reached skill level 6 in Unarmed Combat
  4059 | D:5      | Reached skill level 5 in Fighting
  4059 | D:5      | Reached XP level 8. HP: 52/80 MP: 7/7
  4271 | D:6      | Reached **** piety under Trog
  4471 | D:6      | Reached skill level 5 in Throwing
  4476 | D:6      | Found a staircase to the Ecumenical Temple.
  4542 | D:6      | Found a shattered altar of Ashenzari.
  4905 | D:6      | Found a bloodstained altar of Trog.
  5171 | D:7      | Found Kaaps's Assorted Antiques.
  5195 | D:7      | Reached skill level 7 in Unarmed Combat
  5200 | D:7      | Bought a scroll of identify for 74 gold pieces
  5200 | D:7      | Bought a scroll of identify for 74 gold pieces
  5200 | D:7      | Bought a scroll labeled FIMYRU QELLA for 37 gold pieces
  5336 | D:7      | Reached XP level 9. HP: 89/89 MP: 8/8
  5958 | D:7      | Found Tumin's Magic Scroll Shop.
  5964 | D:7      | Found Qakhlass's Food Shop.
  5980 | D:7      | Bought a scroll of fear for 38 gold pieces
  5980 | D:7      | Bought a scroll of identify for 22 gold pieces
  5980 | D:7      | Bought a scroll of fog for 22 gold pieces
  6466 | D:8      | Found a stormy altar of Qazlal.
  6696 | D:8      | Found an opulent altar of Gozag.
  6984 | D:9      | Got a transparent amber ring
  6987 | D:9      | Identified the ring "Xyuwnof" {Fire rPois MR+ Dex-5} (You
                  | found it on level 9 of the Dungeon)
  7200 | D:9      | Noticed Harold
  7203 | D:9      | Noticed a death yak
  7203 | D:9      | Found a staircase to the Lair.
  7204 | D:9      | Noticed a death yak
  7204 | D:9      | Noticed a death yak
  7209 | D:9      | HP: 5/138 [death yak (12)]
  7210 | D:9      | Slain by a hell rat

Levels and vault maps discovered:
D:1:      tarquinn_simple_flora_water_e, layout_loops_ring
D:2:      layout_basic, first_ration, uniq_jessica
D:3:      layout_rooms, yredelemnul_forgotten_temple_becter,
          nicolae_gozag_seed_capital, uniq_sigmund, uniq_ijyb
D:4:      layout_cave_pools, tso_altar, nicolae_ossuary_entry_ruins
D:5:      layout_gridville, nicolae_dithmenos_shadow_blocks, lemuel_doored_altar
D:6:      layout_loops_ring, lemuel_crystal_altar,
          lemuel_coloured_pillars_altar, minmay_temple_entry_sparse_star,
          serial_bayou_pond_a, minmay_door_square
D:7:      layout_basic, serial_shops, nicolae_shop_window_shopping, shop, shop
D:8:      layout_basic, kennysheep_mini_moat, kennysheep_little_box
D:9:      layout_basic, dpeg_lair_monsters, grunt_pizzeria, uniq_harold

Skill      XL: |  1  2  3  4  5  6  7  8  9 |
---------------+----------------------------+-----
Throwing       | 1 2 3 4 5 6 |  6.4
Fighting       | 3 4 5 6 |  6.4
Unarmed Combat | 4 5 6 7 |  7.8
Shields        | 1 3 4 |  4.2
Dodging        | |  2.4

Action                   |  1- 3 |  4- 6 |  7- 9 || total
-------------------------+-------+-------+-------++-------
Melee: Unarmed           |    66 |   125 |   347 ||   538
       Punch             |     4 |     1 |     1 ||     6
Throw: Boomerang         |       |    58 |     7 ||    65
       Stone             |       |       |   143 ||   143
Invok: Berserk           |       |     1 |     1 ||     2
  Use: Scroll            |       |     4 |    13 ||    17
       Potion            |       |       |     2 ||     2
  Eat: Chunk             |    10 |    16 |    40 ||    66
       Ration            |       |       |     1 ||     1
Armor: Animal skin       |    18 |       |       ||    18
       Robe              |       |    37 |    90 ||   127
Dodge: Dodged            |    29 |    68 |    95 ||   192
Block: Shield            |       |       |   113 ||   113

Table legend:
 A = Non-vault XP
 B = Vault XP
 C = Vault XP percentage of total XP
 D = Non-vault monster count
 E = Vault monster count
 F = Vault count percentage of total count
                 A         B        C        D         E       F
            +---------+---------+-------+---------+---------+-------
      Total |    3955 |     535 |  11.9 |     170 |      18 |   9.6
            +---------+---------+-------+---------+---------+-------
        D:1 |      33 |       0 |   0.0 |      16 |       0 |   0.0
        D:2 |      69 |      37 |  34.9 |      17 |       1 |   5.6
        D:3 |     125 |     257 |  67.3 |      24 |       3 |  11.1
        D:4 |     266 |       0 |   0.0 |      13 |       0 |   0.0
        D:5 |     509 |       0 |   0.0 |      19 |       0 |   0.0
        D:6 |     889 |       0 |   0.0 |      26 |       0 |   0.0
        D:7 |     809 |       0 |   0.0 |      22 |       0 |   0.0
        D:8 |     939 |       0 |   0.0 |      26 |       0 |   0.0
        D:9 |     316 |       3 |   0.9 |       7 |       2 |  22.2
    Ossuary |       0 |     238 | 100.0 |       0 |      12 | 100.0
            +---------+---------+-------+---------+---------+-------
